 Dungeon Crawl Stone Soup version 0.28-a0-474-g535839065c (webtiles) character file.

Game seed: 12932798688955982250

58 Rennog the Grave Robber (level 3, 0/24 HPs)
             Began as a Demonspawn Necromancer on Sept 16, 2021.
             Slain by a worm (9 damage)
             ... on level 2 of the Dungeon.
             The game lasted 00:02:23 (2027 turns).

Rennog the Grave Robber (Demonspawn Necromancer)    Turns: 2027, Time: 00:02:24

Health: 0/24       AC:  2    Str: 14    XL:     3   Next: 75%
Magic:  1/7        EV: 12    Int: 17    God:
Gold:   101        SH:  0    Dex: 13    Spells: 7/8 levels left

rFire   . . .      SeeInvis .   d - +0 dagger
rCold   . . .      Faith    .   (no shield)
rNeg    . . .      Spirit   .   a - +0 robe
rPois   .          Reflect  .   (helmet restricted)
rElec   .          Harm     .   (no cloak)
rCorr   .          Rampage  .   (no gloves)
Will    .....                   (no boots)
Stlth   ++........              (no amulet)
HPRegen 0.08/turn               c - +6 ring of strength
MPRegen 0.20/turn               (no ring)

@: very slightly contaminated
A: horns 1, magic regeneration
a: no special abilities


You were on level 2 of the Dungeon.
You visited 1 branch of the dungeon, and saw 2 of its levels.

You collected 101 gold pieces.

Inventory:

Hand Weapons
 d - a +0 dagger (weapon)
Armour
 a - a +0 robe (worn)
Jewellery
 c - a +6 ring of strength (left hand)
Scrolls
 f - a scroll of amnesia {unknown}
 g - 3 scrolls of blinking {unknown}
 i - a scroll of teleportation {unknown}
 k - a scroll of identify {unknown}
Potions
 b - a potion of curing {unknown}
 e - a potion of heal wounds {unknown}
 h - a potion of haste {unknown}
 j - a potion of flight {unknown}
 l - a potion of ambrosia {unknown}


   Skills:
 + Level 2.4 Dodging
 - Level 1.7 Stealth
 * Level 3.1 Spellcasting
 + Level 4.8 Necromancy


You had 7 spell levels left.
You knew the following spells:

 Your Spells              Type           Power      Damage    Failure   Level
a - Pain                  Necr           76%        1d7       2%          1

Your spell library contained the following spells:

 Spells                   Type           Power      Damage    Failure   Level
 Animate Skeleton         Necr           38%        N/A       2%          1
 Vampiric Draining        Necr           9%         2d7       7%          3
 Animate Dead             Necr           9%         N/A       24%         4
 Agony                    Necr           19%        N/A       54%         5


Dungeon Overview and Level Annotations

Branches:
Dungeon (2/15)

Altars:


Innate Abilities, Weirdness & Mutations

You have a pair of small horns on your head.
You regenerate magic rapidly.


Message History

There is an escape hatch in the floor here.
The rat writhes in agony.
You kill the rat!
You can't see any susceptible monsters within range! (Use Z to cast anyway.)
You can't see any susceptible monsters within range! (Use Z to cast anyway.)
Found a stone staircase leading down.
You see here a +0 club.
You see here a rat corpse.
You see here a +0 chain mail.
A ball python, a worm and an endoplasm come into view.
Found an escape hatch in the ceiling.
There are monsters nearby!
There are monsters nearby!
The endoplasm quivers.
The ball python hisses angrily.
The ball python writhes in agony.
You kill the ball python!
The worm writhes in agony!
The endoplasm writhes in agony.
The endoplasm writhes in agony.
The endoplasm barely resists.
The endoplasm freezes you.
You are frozen.
The endoplasm writhes in agony.
You kill the endoplasm!
You miscast Pain.
You are very lightly contaminated with residual magic.
Nothing appears to happen.
The worm barely misses you.
The worm writhes in agony.
You are too depleted to draw on your mana recklessly!
You hit the worm but do no damage.
The worm is heavily wounded.
The worm bites you!
You hit the worm but do no damage.
You headbutt the worm, but do no damage.
The worm is heavily wounded.
You barely miss the worm.
The worm is heavily wounded.
The worm bites you!
You die...

################ #####
#..............#
......#..........###.#
#...@########.# #.#
.......w# ##.###.###
..##..... #.........
........ #>.###....
........... #..# #####
...<........ #..#
#.#.........# #.[##
##..........###...###
..............#


You could see a worm.

Vanquished Creatures
  A worm (D:2)
  An orc (D:2)
  4 ball pythons
  2 bats (D:1)
  7 endoplasms
  4 giant cockroaches
  A hobgoblin (D:1)
  4 jackals (D:2)
  A quokka (D:1)
  4 frilled lizards (D:1)
  11 goblins
  3 kobolds (D:1)
  3 rats
46 creatures vanquished.

Notes
Turn   | Place    | Note
-------+----------+-------------------------------------------
     0 | D:1      | Rennog the Demonspawn Necromancer began the quest for the
                  | Orb.
     0 | D:1      | Reached XP level 1. HP: 13/13 MP: 3/3
   186 | D:1      | Gained mutation: You have a pair of small horns on your
                  | head. [demonic ancestry]
   186 | D:1      | Reached XP level 2. HP: 13/19 MP: 0/5
   868 | D:1      | Gained mutation: You regenerate magic rapidly. [demonic
                  | ancestry]
   868 | D:1      | Reached XP level 3. HP: 19/24 MP: 1/7
  1593 | D:2      | Found a faded altar of an unknown god.
  2027 | D:2      | Slain by a worm

Illustrated notes

Levels and vault maps discovered:
D:1:      dpeg_arrival_pond, layout_loops_ring
D:2:      layout_loops_ring, chequers_ecumenical_altar_lobes

Skill      XL: |  1  2  3 |
---------------+----------+-----
Dodging        | 2 |  2.4
Spellcasting   | 3 |  3.1
Stealth        | |  1.7
Necromancy     | |  4.8

Action                   || total
-------------------------++-------
Melee: Dagger            ||    27
       Unarmed           ||     1
       Headbutt          ||     6
 Cast: Pain              ||    76
 Stab: Sleeping          ||     1
Armor: Robe              ||     7
Dodge: Dodged            ||    29

Table legend: (Time is in decaauts)
 A = Elapsed time spent in this place.
 B = Non-inter-level travel time spent in this place.
 C = Inter-level travel time spent in this place.
 D = Time resting spent in this place.
 E = Time spent auto-exploring this place.
 F = Levels seen in this place.
 G = Mean time per level.
                   A        B        C        D        E       F      G
               +--------+--------+--------+--------+--------+-----+--------+
         Total |   2025 |   1941 |     84 |      0 |   1687 |   2 | 1012.5 |
       Dungeon |   2025 |   1941 |     84 |      0 |   1687 |   2 | 1012.5 |
               +--------+--------+--------+--------+--------+-----+--------+

Top non-repeatable levels by time:
     D:1: 1367 daAuts
     D:2: 658 daAuts
